 Dungeon Sprint DCSS version 0.17-a0-1636-g3119f2b (webtiles) character file.

1817 Kidiri the Blocker (level 9, 0/51 HPs)
             Began as a Gargoyle Fighter on Aug 6, 2015.
             Was a Priest of Okawaru.
             Killed from afar by an orc wizard (10 damage)
             ... with a puff of flame
             ... in the Dungeon (Sprint III: "The Ten Rune Challenge").
             The game lasted 00:06:50 (1837 turns).

Kidiri the Blocker (Gargoyle Fighter)               Turns: 1837, Time: 00:06:50

Health: 0/51       AC: 21    Str: 22    XL:     9   Next: 10%
Magic:  8/8        EV:  8    Int:  9    God:    Okawaru [***...]
Gold:   26         SH: 12    Dex: 10    Spells: 0 memorised, 8 levels left

rFire  . . .     SeeInvis .     a - +0 flail
rCold  . . .     Clarity  +     g - +0 plate armour
rNeg   + . .     SustAt   .     c - +0 shield
rPois  ∞         Gourm    .     (no helmet)
rElec  +         Spirit   .     (no cloak)
rCorr  .         Warding  .     (no gloves)
rMut   .         NoTele   +     (no boots)
MR     .....                    (no amulet)
Stlth  ..........               (no ring)
                                (no ring)

@: not resistant to hostile enchantments, extremely unstealthy
A: talons 1, clarity, low mp 1, negative energy resistance 1, electricity
resistance, unbreathing, petrification resistance, rot immunity, AC +5
a: Heroism, Renounce Religion


You were in the Dungeon.
You worshipped Okawaru.
Okawaru was most pleased with you.
You were not hungry.

You visited 1 branch You collected 26 gold pieces.

Inventory:

Hand weapons
 a - a +0 flail (weapon)
Armour
 c - a +0 shield (worn)
 g - a +0 plate armour (worn)
Scrolls
 k - a scroll of blinking
 l - a scroll of immolation
 m - 2 scrolls of torment
 q - 2 scrolls of remove curse
Potions
 i - 2 potions of magic
 p - a potion of ambrosia
 s - 2 potions of flight
Comestibles
 b - a royal jelly
 e - 3 bread rations


   Skills:
 - Level 3.2 Fighting
 * Level 10.8 Maces & Flails
 * Level 12.0 Armour
 + Level 6.1 Dodging
 * Level 12.0 Shields


You had 8 spell levels left.
You didn't know any spells.

Dungeon Overview and Level Annotations

Branches:
Dungeon (1/1)

Altars:
Cheibriados
Dithmenos
Elyvilon
Fedhas
Gozag
Kikubaaqudgha
Makhleb
Nemelex Xobeh
Okawaru
Qazlal
Ru
Sif Muna
Trog
Vehumet
Xom
Yredelemnul
Zin
The Shining One
Jiyva
Lugonu


Innate Abilities, Weirdness & Mutations

You are resistant to torment.
Your stone body is resilient (AC +5).
You are immune to poison.
You resist negative energy.
You are resistant to electric shocks.
You can survive without breathing.
You are immune to petrification.
You are immune to rotting.
You have sharp toenails.
You possess an exceptional clarity of mind.
Your magical capacity is low (-10% MP).


Message History

The orc knight is lightly wounded.
The orc knight roars a battlecry!
The orc wizard goes into a battle-frenzy!
Drink which item? (? for menu, Esc to quit)
Okay, then.
You block the orc wizard's attack. The orc priest hits you.
The orc knight hits you with a great sword!
* * * LOW HITPOINT WARNING * * *
There is an open door here.
Unknown command.
You hit the orc priest.
The orc priest is heavily wounded.
The orc priest closely misses you. You block the orc wizard's attack.
The orc priest barely misses you.
You hit the orc priest. Your kick misses the orc priest.
The orc priest is severely wounded.
The orc knight barely misses you.
The orc wizard gestures at you while chanting.
The puff of flame hits you!
You die...

▓#'####....♣♣ ♣..
▓.....#....≈♣♣♣♣..
▓.....#...≈≈♣♣..♣.
▓.....#..≈≈≈≈♣..♣.
▓####+#..≈≈≈≈≈≈.♣.
▓....)#.≈≈≈≈≈≈....
▓.....#.≈≈≈≈≈.....
▓o....#.≈≈≈.......
▓@#####...........
▓ooo.)............
▓▓▓▓▓▓▓▓▓▓▓▓▓▓▓▓▓▓


You could see an orc knight, 2 orc priests and an orc wizard (frenzied).

Vanquished Creatures
  Josephine (D)
  A deep elf priest (D)
  A shadow (D)
  A spatial vortex (D)
  A necrophage (D)
  A water elemental (D)
  A jelly (D)
  Jessica (D)
  A wizard (D)
  A necromancer (D)
  3 humans (D)
  A kobold demonologist (D)
  2 oozes (D)
  A phantom (D)
  An orc (D)
  A rat (D)
19 creatures vanquished.

Vanquished Creatures (others)
  2 draconian scorchers (D)
  2 yaktaurs (D)
4 creatures vanquished.

Grand Total: 23 creatures vanquished

Notes
Turn   | Place    | Note
--------------------------------------------------------------
     0 | D        | Kidiri the Gargoyle Fighter began the quest for the Orb.
     0 | D        | Reached XP level 1. HP: 14/14 MP: 1/1
    12 | D        | Reached skill level 4 in Armour
    12 | D        | Reached XP level 2. HP: 12/19 MP: 2/2
    56 | D        | Killed a yaktaur
    86 | D        | Killed a yaktaur
   128 | D        | Noticed Jessica
   134 | D        | Killed Jessica
   134 | D        | Reached skill level 5 in Armour
   134 | D        | Reached skill level 1 in Dodging
   134 | D        | Reached skill level 5 in Shields
   134 | D        | Reached XP level 3. HP: 19/23 MP: 3/3
   193 | D        | Killed a white draconian scorcher
   341 | D        | Killed a white draconian scorcher
   391 | D        | Reached XP level 4. HP: 24/28 MP: 4/4
   433 | D        | Gained mutation: Your body sometimes deteriorates upon taking damage. [potion of mutation]
   433 | D        | Gained mutation: You are weak. (Str -2) [potion of mutation]
   433 | D        | Gained mutation: You are frail (-10% HP). [potion of mutation]
   434 | D        | Lost mutation: Your body sometimes deteriorates upon taking damage. [potion of cure mutation]
   434 | D        | Lost mutation: You are weak. (Str -2) [potion of cure mutation]
   434 | D        | Lost mutation: You are frail (-10% HP). [potion of cure mutation]
   435 | D        | Gained mutation: Your magical capacity is low (-10% MP). [potion of mutation]
   435 | D        | Gained mutation: You have sharp toenails. [potion of mutation]
   435 | D        | Gained mutation: You possess an exceptional clarity of mind. [potion of mutation]
   495 | D        | Noticed a water elemental
   510 | D        | Killed a water elemental
   510 | D        | Reached skill level 5 in Maces & Flails
   510 | D        | Reached skill level 6 in Armour
   510 | D        | Reached XP level 5. HP: 32/32 MP: 4/4
   633 | D        | Found an iron altar of Okawaru.
   633 | D        | Found a bloodstained altar of Trog.
   633 | D        | Noticed a human
   635 | D        | Noticed a human
   676 | D        | Killed a human
   676 | D        | Reached skill level 7 in Maces & Flails
   676 | D        | Reached skill level 8 in Armour
   676 | D        | Reached XP level 6. HP: 19/37 MP: 5/5
   682 | D        | Killed a human
   682 | D        | Reached skill level 9 in Armour
   716 | D        | Became a worshipper of Warmaster Okawaru
   833 | D        | Found a glowing silver altar of Zin.
   834 | D        | Found a glowing golden altar of the Shining One.
   834 | D        | Found a white marble altar of Elyvilon.
   834 | D        | Noticed a deep elf priest
   846 | D        | Killed a deep elf priest
   846 | D        | Acquired Okawaru's first power
   846 | D        | Reached XP level 7. HP: 8/41 MP: 6/6
  1113 | D        | Found a basalt altar of Yredelemnul.
  1113 | D        | Found a snail-covered altar of Cheibriados.
  1113 | D        | Found a blossoming altar of Fedhas.
  1113 | D        | Noticed a necrophage
  1113 | D        | Noticed a necromancer
  1115 | D        | Killed a necromancer
  1115 | D        | Reached skill level 10 in Armour
  1115 | D        | Reached skill level 10 in Shields
  1126 | D        | Killed a necrophage
  1126 | D        | Reached skill level 5 in Dodging
  1156 | D        | Found a radiant altar of Vehumet.
  1156 | D        | Found a deep blue altar of Sif Muna.
  1156 | D        | Found an ancient bone altar of Kikubaaqudgha.
  1156 | D        | Noticed a wizard
  1160 | D        | Killed a wizard
  1192 | D        | Noticed a jelly
  1193 | D        | Noticed a shadow
  1204 | D        | Killed a shadow
  1204 | D        | Reached XP level 8. HP: 30/46 MP: 7/7
  1206 | D        | Killed a jelly
  1446 | D        | Found a stormy altar of Qazlal.
  1446 | D        | Found a sacrificial altar of Ru.
  1446 | D        | Found a burning altar of Makhleb.
  1446 | D        | Found a shimmering altar of Xom.
  1447 | D        | Found a viscous altar of Jiyva.
  1447 | D        | Found a shadowy altar of Dithmenos.
  1447 | D        | Found a sparkling altar of Nemelex Xobeh.
  1447 | D        | Found a corrupted altar of Lugonu.
  1447 | D        | Found an opulent altar of Gozag.
  1447 | D        | Noticed a spatial vortex
  1459 | D        | Killed a spatial vortex
  1673 | D        | Noticed Josephine
  1727 | D        | Killed Josephine
  1727 | D        | Reached skill level 10 in Maces & Flails
  1727 | D        | Reached skill level 11 in Armour
  1727 | D        | Reached skill level 12 in Shields
  1727 | D        | Reached XP level 9. HP: 51/51 MP: 8/8
  1735 | D        | Noticed an orc priest
  1735 | D        | Noticed an orc priest
  1735 | D        | Noticed an orc warrior
  1738 | D        | Noticed an orc wizard
  1741 | D        | Noticed an orc wizard
  1742 | D        | Noticed an orc knight
  1744 | D        | Noticed an orc sorcerer
  1796 | D        | Noticed an orc priest
  1837 | D        | Killed from afar by an orc wizard

Vault maps used:
D:        dungeon_sprint_mu

Action                   |  1- 3 |  4- 6 |  7- 9 || total
-------------------------+-------+-------+-------++-------
Melee: Flail             |    45 |    45 |   115 ||   205
  Use: Potion            |     1 |     7 |     1 ||     9
       Scroll            |       |     5 |       ||     5
  Eat: Chunk             |       |     1 |       ||     1
       Meat ration       |       |       |     1 ||     1
